Get step-by-step instructions on how to execute this build order below. Start the game timer, and the build order will tick by so you can play in parallel with StarCraft on a second screen or mobile device.

Game Time

  0:00

Last Step

  N/A

Next Step

Upcoming Step



Don't want to look back and forth between 2 screens? Try out our Overwolf App, the Spawning Tool Build Advisor to get an in-game overlay with this build!

Complete Build Order

  12  0:00  SCV  
  13  0:12  SCV  
  14  0:16  Supply Depot  
  14  0:25  SCV  
  15  0:38  SCV  
  15  0:39  Barracks  
  15  0:42  Refinery  
  16  0:50  SCV  
  17  1:02  SCV  
  18  1:14  SCV  
  19  1:27  Orbital Command, Reaper  
  20  1:41  Command Center  
  20  1:49  Supply Depot  
  20  1:53  SCV  
  21  1:58  Marine  
  22  2:05  SCV  
  22  2:08  Factory  
  23  2:16  Bunker, Marine  
  23  2:19  SCV  
  25  2:23  Refinery  
  25  2:31  SCV  
  25  2:35  Barracks Reactor  
  26  2:43  SCV  
  27  2:52  Hellion  
  27  2:53  Orbital Command  
  27  2:55  Starport  
  30  2:58  SCV  
  30  3:10  SCV  
  30  3:11  Marine x2  
  33  3:15  Widow Mine  
  33  3:18  Supply Depot  
  33  3:19  SCV  
  34  3:22  SCV  
  35  3:29  Marine x2  
  35  3:31  Medivac, SCV  
  40  3:35  SCV  
  40  3:37  Widow Mine  
  43  3:43  SCV  
  43  3:46  Barracks  
  43  3:47  SCV  
  45  3:50  Marine  
  47  3:55  SCV  
  47  3:59  SCV, Widow Mine  
  47  4:01  Medivac  
  53  4:05  Supply Depot  
  53  4:08  SCV  
  53  4:11  SCV, Refinery  
  53  4:13  Engineering Bay  
  53  4:15  Barracks  
  54  4:20  Supply Depot  
  54  4:23  Factory Tech Lab  
  54  4:24  SCV  
  54  4:27  Widow Mine, SCV  
  54  4:30  Marine x2  
  58  4:33  Starport Tech Lab  
  58  4:36  SCV  
  58  4:38  Barracks Tech Lab  
  59  4:39  SCV  
  59  4:41  Supply Depot  
  59  4:42  Terran Infantry Weapons Level 1  
  60  4:48  Marine x2, SCV  
  60  4:51  SCV  
  64  4:56  Stimpack, Marine  
  65  5:00  Factory Reactor, SCV  
  65  5:01  Refinery  
  65  5:03  Starport Reactor  
  65  5:04  SCV  
  65  5:06  Marine x2  
  69  5:08  Combat Shield  
  69  5:09  Supply Depot  
  69  5:13  Marauder  
  71  5:15  SCV  
  71  5:16  SCV  
  71  5:18  Marauder  
  75  5:23  Supply Depot  
  75  5:24  Marine x2  
  77  5:34  Marauder  
  79  5:37  SCV x2  
  79  5:39  Marauder  
  79  5:41  Widow Mine  
  85  5:44  Widow Mine  
  85  5:47  Medivac x2  
  85  5:48  Marine x2  
  93  5:50  Supply Depot  
  93  5:59  Command Center  
  93  6:06  Marine  
  94  6:11  Marine  
  94  6:12  Marauder, Widow Mine x2  
  94  6:13  Supply Depot  
  101  6:24  Marine  
  101  6:25  Supply Depot  
  102  6:30  Barracks  
  102  6:34  SCV x2, Medivac x2  
  102  6:35  Marauder  
  102  6:36  Barracks, Supply Depot  
  110  6:44  Marine  
  110  6:46  Widow Mine x2  
  110  6:47  SCV x2  
  115  6:49  Marine  
  115  6:51  Supply Depot  
  114  6:56  Marauder  
  114  6:59  SCV  
  114  7:00  Marine  
  116  7:07  Marine  
  116  7:08  Widow Mine x2  
  116  7:10  Medivac  
  117  7:17  Marauder  
  117  7:19  Marine  
  117  7:21  Marauder  
  118  7:25  Barracks Tech Lab x2  
  118  7:26  Marine  
  118  7:28  Medivac  
  118  7:29  SCV x2  
  119  7:33  Orbital Command  
  119  7:39  Marauder  
  119  7:41  SCV  
  119  7:43  Marauder  
  125  7:44  Marine x2  
  125  7:48  Viking  
  122  7:54  Marauder  
  122  7:56  Marauder  
  122  7:58  Viking  
  121  7:59  Widow Mine x2  
  121  8:00  Marauder  
  121  8:02  Marine  
  121  8:04  Marine  
  121  8:05  Supply Depot  
  127  8:08  Marauder  
  127  8:10  Supply Depot